| TOP OF THE 1ST |
|
Round Rock Express batting - Pitching for Pawtucket Red Sox : RHP Mike Schroeder
|
|
Pitching: RHP Mike Schroeder
|
|
|
Batting: RHB Jonathan Rangel
|
0-0: Foul Ball, location: 2F 0-1: Ball 1-1: Ball 2-1: Ball 3-1: Ground out 5-3 (Groundball, 56, EV 77.5 MPH)
|
|
Batting: RHB Ernie Weathersbee
|
0-0: Ball 1-0: Ball 2-0: Called Strike 2-1: Foul Ball, location: 2F 2-2: Foul Ball, location: 2F 2-2: Foul Ball, location: 2F 2-2: Ground out 6-3 (Groundball, 6M, EV 103.8 MPH)
|
|
Batting: RHB Doug Hammertime
|
0-0: Ball 1-0: Ball 2-0: Foul Ball, location: 2F 2-1: Ball 3-1: Base on Balls
|
|
Batting: RHB Ryan Kinkead
|
0-0: Ball 1-0: Ball 2-0: Called Strike Doug Hammertime steals 2nd base (no throw) 2-1: Ball 3-1: Ground out 4-3 (Groundball, 4, EV 83.1 MPH)
|
| Top of the 1st over - 0 runs, 0 hits, 0 errors, 1 left on base; Round Rock 0 - Pawtucket 0 |
| BOTTOM OF THE 1ST |
|
Pawtucket Red Sox batting - Pitching for Round Rock Express : RHP Mike Powell
|
|
Pitching: RHP Mike Powell
|
|
|
Batting: RHB Matt Hinkle
|
0-0: Ball 1-0: Called Strike 1-1: Foul Ball, location: 2F 1-2: Strikes out swinging
|
|
Batting: RHB Tony Nunez
|
0-0: Ball 1-0: Ground out 6-3 (Groundball, 6, EV 86.2 MPH)
|
|
Batting: RHB Dave Burwell
|
0-0: Fly out, F8 (Line Drive, 8RD, EV 89.4 MPH)
|
| Bottom of the 1st over - 0 runs, 0 hits, 0 errors, 0 left on base; Round Rock 0 - Pawtucket 0 |
| TOP OF THE 2ND |
|
Round Rock Express batting - Pitching for Pawtucket Red Sox : RHP Mike Schroeder
|
|
Batting: RHB Blake Ballard
|
0-0: Foul Ball, location: 2F 0-1: Ball 1-1: Ball 2-1: Foul Ball, location: 2F 2-2: Ball 3-2: Ground out 4-3 (Groundball, 4S, EV 66.9 MPH)
|
|
Batting: LHB Cooper Broomhall
|
0-0: Called Strike 0-1: Called Strike 0-2: Ground out 5-3 (Groundball, 56, EV 90.0 MPH)
|
|
Batting: RHB Ivan Colon
|
0-0: Ball 1-0: Ball 2-0: Ball 3-0: Called Strike 3-1: Ground out 1-3 (Groundball, 13S, EV 68.1 MPH)
|
| Top of the 2nd over - 0 runs, 0 hits, 0 errors, 0 left on base; Round Rock 0 - Pawtucket 0 |
| BOTTOM OF THE 2ND |
|
Pawtucket Red Sox batting - Pitching for Round Rock Express : RHP Mike Powell
|
|
Batting: RHB Roberto Morales
|
0-0: Called Strike 0-1: Ball 1-1: Fly out, F8 (Flyball, 8LD, EV 96.9 MPH)
|
|
Batting: RHB Rodolfo Contreras
|
0-0: Ball 1-0: SINGLE (Line Drive, 89S, EV 91.2 MPH)
|
|
Batting: LHB Frank Olivo
|
0-0: Foul Ball, location: 2F 0-1: Swinging Strike 0-2: Ball 1-2: Strikes out swinging
|
|
Batting: RHB Joe Sandoval
|
0-0: Called Strike 0-1: Foul Ball, location: 2F 0-2: Strikes out swinging
|
| Bottom of the 2nd over - 0 runs, 1 hit, 0 errors, 1 left on base; Round Rock 0 - Pawtucket 0 |
| TOP OF THE 3RD |
|
Round Rock Express batting - Pitching for Pawtucket Red Sox : RHP Mike Schroeder
|
|
Batting: RHB Adryão Anto
|
0-0: Called Strike 0-1: Ball 1-1: Foul Ball, location: 2F 1-2: Ball 2-2: DOUBLE (Line Drive, 78M, EV 93.1 MPH)
|
|
Batting: RHB John Peterson
|
0-0: Swinging Strike 0-1: DOUBLE (Line Drive, 9LD, EV 113.1 MPH) Adryão Anto scores
|
|
Batting: RHB Jonathan Rangel
|
0-0: Ball 1-0: Fly out, F9 (Flyball, 89M, EV 90.6 MPH)
|
|
Batting: RHB Ernie Weathersbee
|
0-0: Ball 1-0: Called Strike 1-1: Ball 2-1: Swinging Strike 2-2: Ball 3-2: Strikes out swinging
|
|
Batting: RHB Doug Hammertime
|
0-0: Swinging Strike 0-1: Ball 1-1: Foul Ball, location: 2F 1-2: Foul Ball, location: 2F 1-2: Strikes out swinging
|
| Top of the 3rd over - 1 run, 2 hits, 0 errors, 1 left on base; Round Rock 1 - Pawtucket 0 |
| BOTTOM OF THE 3RD |
|
Pawtucket Red Sox batting - Pitching for Round Rock Express : RHP Mike Powell
|
|
Batting: RHB Brandon Perris
|
0-0: Called Strike 0-1: Foul Ball, location: 2F 0-2: Strikes out swinging
|
|
Batting: RHB Joe Evrard
|
0-0: SINGLE (Groundball, 6D, EV 94.4 MPH)
|
|
Batting: RHB Matt Hinkle
|
0-0: Foul Ball, location: 2F 0-1: Ball 1-1: Called Strike 1-2: Fly out, F7 (Flyball, 7, EV 85.0 MPH)
|
|
Batting: RHB Tony Nunez
|
0-0: Ball 1-0: Fly out, F8 (Flyball, 8RS, EV 76.9 MPH)
|
| Bottom of the 3rd over - 0 runs, 1 hit, 0 errors, 1 left on base; Round Rock 1 - Pawtucket 0 |
| TOP OF THE 4TH |
|
Round Rock Express batting - Pitching for Pawtucket Red Sox : RHP Mike Schroeder
|
|
Batting: RHB Ryan Kinkead
|
0-0: Called Strike 0-1: Ball 1-1: Swinging Strike 1-2: Fly out, F4 (Popup, 4S, EV 65.0 MPH)
|
|
Batting: RHB Blake Ballard
|
0-0: Foul Ball, location: 2F 0-1: Ball 1-1: Fly out, F7 (Flyball, 7LS, EV 85.0 MPH)
|
|
Batting: LHB Cooper Broomhall
|
0-0: TRIPLE (Flyball, 78XD, EV 102.5 MPH)
|
|
Batting: RHB Ivan Colon
|
0-0: Ground out 6-3 (Groundball, 6, EV 102.5 MPH)
|
| Top of the 4th over - 0 runs, 1 hit, 0 errors, 1 left on base; Round Rock 1 - Pawtucket 0 |
| BOTTOM OF THE 4TH |
|
Pawtucket Red Sox batting - Pitching for Round Rock Express : RHP Mike Powell
|
|
Batting: RHB Dave Burwell
|
0-0: Ball 1-0: Swinging Strike 1-1: Foul Ball, location: 2F 1-2: SINGLE (Groundball, 56D, EV 94.4 MPH)
|
|
Batting: RHB Roberto Morales
|
0-0: Ball 1-0: Foul Ball, location: 2F 1-1: Fly out, F7 (Line Drive, 7, EV 90.6 MPH)
|
|
Batting: RHB Rodolfo Contreras
|
0-0: Fly out, F3 (Popup, 3F, EV 75.0 MPH)
|
|
Batting: LHB Frank Olivo
|
0-0: Foul Ball, location: 2F 0-1: Fly out, F8 (Flyball, 8LD, EV 107.5 MPH)
|
| Bottom of the 4th over - 0 runs, 1 hit, 0 errors, 1 left on base; Round Rock 1 - Pawtucket 0 |
| TOP OF THE 5TH |
|
Round Rock Express batting - Pitching for Pawtucket Red Sox : RHP Mike Schroeder
|
|
Batting: RHB Adryão Anto
|
0-0: Called Strike 0-1: Ball 1-1: Fly out, F9 (Line Drive, 89D, EV 92.5 MPH)
|
|
Batting: RHB John Peterson
|
0-0: Called Strike 0-1: Ball 1-1: Swinging Strike 1-2: Ball 2-2: Foul Ball, location: 2F 2-2: Foul Ball, location: 2F 2-2: Ball 3-2: Foul Ball, location: 2F 3-2: Strikes out looking
|
|
Batting: RHB Jonathan Rangel
|
0-0: Ball 1-0: Called Strike 1-1: Foul Ball, location: 2F 1-2: Foul Ball, location: 2F 1-2: Strikes out swinging
|
| Top of the 5th over - 0 runs, 0 hits, 0 errors, 0 left on base; Round Rock 1 - Pawtucket 0 |
| BOTTOM OF THE 5TH |
|
Pawtucket Red Sox batting - Pitching for Round Rock Express : RHP Mike Powell
|
|
Batting: RHB Joe Sandoval
|
0-0: Ball 1-0: Ground out 6-3 (Groundball, 6S, EV 73.1 MPH)
|
|
Batting: RHB Brandon Perris
|
0-0: Called Strike 0-1: Ball 1-1: Foul Ball, location: 2F 1-2: Ground out 6-3 (Groundball, 6S, EV 63.8 MPH)
|
|
Batting: RHB Joe Evrard
|
0-0: Called Strike 0-1: SINGLE (Line Drive, 56, EV 101.9 MPH)
|
|
Batting: RHB Matt Hinkle
|
0-0: Ball 1-0: Foul Ball, location: 2F 1-1: Ball 2-1: Foul Ball, location: 2F 2-2: Ball 3-2: Strikes out swinging
|
| Bottom of the 5th over - 0 runs, 1 hit, 0 errors, 1 left on base; Round Rock 1 - Pawtucket 0 |
| TOP OF THE 6TH |
|
Round Rock Express batting - Pitching for Pawtucket Red Sox : RHP Mike Schroeder
|
|
Batting: RHB Ernie Weathersbee
|
0-0: Swinging Strike 0-1: Swinging Strike 0-2: SINGLE (Line Drive, 8RS, EV 105.0 MPH)
|
|
Batting: RHB Doug Hammertime
|
0-0: Ball Ernie Weathersbee steals 2nd base 1-0: Foul Ball, location: 2F 1-1: Ground out 5-3 (Groundball, 56S, EV 84.4 MPH)
|
|
Batting: RHB Ryan Kinkead
|
0-0: Ball 1-0: Foul Ball, location: 2F 1-1: Called Strike 1-2: Ball 2-2: Ball 3-2: Foul Ball, location: 2F 3-2: Ground out 3-1 (Groundball, 34S, EV 89.4 MPH) Ernie Weathersbee to third
|
|
Pitching: RHP Billy Fitzgerald
|
|
|
Batting: RHB Blake Ballard
|
0-0: Ball 1-0: Swinging Strike 1-1: Swinging Strike 1-2: Foul Ball, location: 2F 1-2: Foul Ball, location: 2F 1-2: Strikes out swinging
|
| Top of the 6th over - 0 runs, 1 hit, 0 errors, 1 left on base; Round Rock 1 - Pawtucket 0 |
| BOTTOM OF THE 6TH |
|
Pawtucket Red Sox batting - Pitching for Round Rock Express : RHP Mike Powell
|
|
Batting: RHB Tony Nunez
|
0-0: Called Strike 0-1: Swinging Strike 0-2: Strikes out looking
|
|
Batting: RHB Dave Burwell
|
0-0: DOUBLE (Line Drive, 9LM, EV 86.9 MPH)
|
|
Batting: RHB Roberto Morales
|
0-0: Ball 1-0: Foul Ball, location: 2F 1-1: Ball 2-1: Foul Ball, location: 2F 2-2: Strikes out swinging
|
|
Pinch Hitting: SHB Ben Ervin
|
0-0: Fly out, F7 (Flyball, 7D, EV 95.0 MPH)
|
| Bottom of the 6th over - 0 runs, 1 hit, 0 errors, 1 left on base; Round Rock 1 - Pawtucket 0 |
| TOP OF THE 7TH |
|
Round Rock Express batting - Pitching for Pawtucket Red Sox : RHP Billy Fitzgerald
|
|
Now in CF: Dave Burwell
|
|
|
Now in RF: Ben Ervin
|
|
|
Batting: LHB Cooper Broomhall
|
0-0: Called Strike 0-1: Fly out, F7 (Flyball, 7D, EV 95.6 MPH)
|
|
Batting: RHB Ivan Colon
|
0-0: Ball 1-0: Ground out 6-3 (Groundball, 6D, EV 107.5 MPH)
|
|
Batting: RHB Adryão Anto
|
0-0: Ball 1-0: Ball 2-0: SOLO HOME RUN (Line Drive, 9D, EV 99.4 MPH), Distance : 381 ft
|
|
Batting: RHB John Peterson
|
0-0: Ground out 4-3 (Groundball, 34, EV 109.4 MPH)
|
| Top of the 7th over - 1 run, 1 hit, 0 errors, 0 left on base; Round Rock 2 - Pawtucket 0 |
| BOTTOM OF THE 7TH |
|
Pawtucket Red Sox batting - Pitching for Round Rock Express : RHP Mike Powell
|
|
Batting: LHB Frank Olivo
|
0-0: Called Strike 0-1: Foul Ball, location: 2F 0-2: Strikes out looking
|
|
Batting: RHB Joe Sandoval
|
0-0: Foul Ball, location: 2F 0-1: Ball 1-1: Ball 2-1: Called Strike 2-2: Foul Ball, location: 2F 2-2: Strikes out swinging
|
|
Batting: RHB Brandon Perris
|
0-0: Foul Ball, location: 2F 0-1: Called Strike 0-2: Ball 1-2: Ball 2-2: Ball 3-2: Strikes out looking
|
| Bottom of the 7th over - 0 runs, 0 hits, 0 errors, 0 left on base; Round Rock 2 - Pawtucket 0 |
| TOP OF THE 8TH |
|
Round Rock Express batting - Pitching for Pawtucket Red Sox : RHP Billy Fitzgerald
|
|
Batting: RHB Jonathan Rangel
|
0-0: Called Strike 0-1: Ball 1-1: Foul Ball, location: 2F 1-2: Ball 2-2: Ball 3-2: Base on Balls
|
|
Batting: RHB Ernie Weathersbee
|
0-0: Ball Jonathan Rangel is caught stealing 2nd base 2-4 1-0: Ball 2-0: Ground out 1-3 (Groundball, 23, EV 64.4 MPH)
|
|
Batting: RHB Doug Hammertime
|
0-0: Ball 1-0: Ball 2-0: Foul Ball, location: 2F 2-1: Foul Ball, location: 2F 2-2: Ball 3-2: Foul Ball, location: 2F 3-2: Foul Ball, location: 2F 3-2: Base on Balls
|
|
Batting: RHB Ryan Kinkead
|
0-0: Swinging Strike 0-1: Ball 1-1: Fly out, F8 (Flyball, 8RXD, EV 90.6 MPH)
|
| Top of the 8th over - 0 runs, 0 hits, 0 errors, 1 left on base; Round Rock 2 - Pawtucket 0 |
| BOTTOM OF THE 8TH |
|
Pawtucket Red Sox batting - Pitching for Round Rock Express : RHP Mike Powell
|
|
Batting: RHB Joe Evrard
|
0-0: Ball 1-0: Ball 2-0: SINGLE (Groundball, 3D, EV 106.2 MPH)
|
|
Pinch Hitting: SHB Marvin Lawrence
|
0-0: Called Strike 0-1: Foul Ball, location: 2F 0-2: Ball 1-2: Grounds into double play, 4-6-3 (Groundball, 4, EV 83.8 MPH)
|
|
Pinch Hitting: LHB Zack Guillen
|
0-0: Hit by Pitch
|
|
Batting: RHB Dave Burwell
|
0-0: Ball 1-0: Foul Ball, location: 2F 1-1: Ball 2-1: Ball 3-1: Foul Ball, location: 2F 3-2: Base on Balls Zack Guillen to second
|
|
Batting: LHB David Moore
|
0-0: Ball 1-0: Ball 2-0: Ball 3-0: Called Strike 3-1: Ground out 6-3 (Groundball, 6S, EV 64.4 MPH)
|
| Bottom of the 8th over - 0 runs, 1 hit, 0 errors, 2 left on base; Round Rock 2 - Pawtucket 0 |
| TOP OF THE 9TH |
|
Round Rock Express batting - Pitching for Pawtucket Red Sox : RHP Billy Fitzgerald
|
|
Pitching: RHP Danny Klomp
|
|
|
Now at 1B: Ben Ervin
|
|
|
Now at 2B: Frank Olivo
|
|
|
Now in LF: Marvin Lawrence
|
|
|
Now in RF: Zack Guillen
|
|
|
Pinch Hitting: SHB Pat Wilson
|
0-0: Called Strike 0-1: Foul Ball, location: 2F 0-2: Ball 1-2: Strikes out swinging
|
|
Batting: LHB Cooper Broomhall
|
0-0: Ball 1-0: Swinging Strike 1-1: SINGLE (Groundball, 4D, EV 95.6 MPH)
|
|
Batting: RHB Ivan Colon
|
0-0: Called Strike 0-1: Foul Ball, location: 2F 0-2: Strikes out swinging
|
|
Batting: RHB Adryão Anto
|
0-0: Foul Ball, location: 2F 0-1: Swinging Strike 0-2: Ball 1-2: Strikes out looking
|
| Top of the 9th over - 0 runs, 1 hit, 0 errors, 1 left on base; Round Rock 2 - Pawtucket 0 |
| BOTTOM OF THE 9TH |
|
Pawtucket Red Sox batting - Pitching for Round Rock Express : RHP Mike Powell
|
|
Pitching: RHP Luis Herrera
|
|
|
Now at 3B: Jarrod Joyce
|
|
|
Batting: SHB Ben Ervin
|
0-0: Ball 1-0: Ball 2-0: Fly out, F8 (Flyball, 78M, EV 78.8 MPH)
|
|
Batting: LHB Frank Olivo
|
0-0: Called Strike 0-1: Ball 1-1: Called Strike 1-2: Ball 2-2: Foul Ball, location: 2F 2-2: Ball 3-2: Foul Ball, location: 2F 3-2: SOLO HOME RUN (Flyball, 8RXD, EV 110.0 MPH), Distance : 453 ft
|
|
Batting: RHB Joe Sandoval
|
0-0: Ball 1-0: Ball 2-0: Ball 3-0: Called Strike 3-1: Swinging Strike 3-2: Strikes out looking
|
|
Batting: RHB Brandon Perris
|
0-0: Ball 1-0: Ball 2-0: Ground out 6-3 (Groundball, 6, EV 82.5 MPH)
|
| Bottom of the 9th over - 1 run, 1 hit, 0 errors, 0 left on base; Round Rock 2 - Pawtucket 1 |
|